 Dungeon Crawl Stone Soup version 0.14-a0-2848-g1d0399b (webtiles) character file.

1180 JEFFREY the Chopper (level 7, -8/61 HPs)
             Began as a Lava Orc Fighter on Feb 27, 2014.
             Was an Initiate of the Shining One.
             Mangled by an orc warrior
             ... wielding a +0,+0 battleaxe
              (11 damage)
             ... while paralysed by a potion of paralysis
             ... on Level 6 of the Dungeon.
             The game lasted 00:25:31 (4681 turns).

JEFFREY the Chopper (Lava Orc Fighter)              Turns: 4681, Time: 00:25:31

HP  -8/61        AC 14     Str 24      XL: 7   Next: 99%
MP  11/11        EV  2     Int 11      God: the Shining One [......]
Gold 184         SH  0     Dex 10      Spells:  0 memorised,  6 levels left

rFire  + + +     SeeInvis .     y - +0 flail
rCold  x . .     Clarity  .     x - +0 plate armour
rNeg   + . .     Conserve .     c - +0 orc shield
rPois  .         rCorr    .     (no helmet)
rElec  .         rRot     .     m - +0 orc cloak
SustAb . .       Spirit   .     (no gloves)
rMut   .         Warding  +     (no boots)
Saprov + . .     Stasis   .     k - amulet of warding
MR     .....                    r - +3 ring of strength
                                s - +3 ring of intelligence

@: paralysed, not resistant to hostile enchantments, extremely unstealthy
A: conserve scrolls, saprovore 1
a: Renounce Religion


You were on level 6 of the Dungeon.
You worshipped the Shining One.
The Shining One was noncommittal.
You were not hungry.

You visited 2 branches of the dungeon, and saw 7 of its levels.

You collected 184 gold pieces.

Inventory:

Hand weapons
 a - a +0,-2 hand axe
 y - a +0,+0 flail (weapon)
Armour
 c - a +0 orcish shield (worn)
 h - a +0 dwarven ring mail
 m - a +0 orcish cloak (worn)
 x - a +0 plate armour (worn)
Comestibles
 d - a meat ration
 f - 2 chunks of worker ant flesh
 o - 3 bread rations
Scrolls
 e - 3 scrolls of noise {unknown}
 g - a scroll of amnesia {unknown}
 j - a scroll of curse jewellery {unknown}
 l - a scroll of enchant armour {unknown}
 q - a scroll of random uselessness {unknown}
 u - a scroll of enchant weapon II {unknown}
 v - 3 scrolls of teleportation {unknown}
 w - a scroll of fog {unknown}
Jewellery
 i - an uncursed amulet of resist mutation
 k - an amulet of warding (around neck)
 p - an uncursed ring of ice
 r - a +3 ring of strength (right hand)
 s - a +3 ring of intelligence (left hand)
Potions
 b - a potion of invisibility {unknown}
 n - a potion of might {unknown}
 t - a potion of heal wounds {unknown}
 z - a potion of paralysis
 B - a potion of curing {unknown}
 C - a potion of restore abilities {unknown}


   Skills:
 + Level 5.3 Fighting
 + Level 6.8 Axes
 + Level 2.4 Maces & Flails
 - Level 6.0 Armour
 - Level 5.1 Shields
 * Level 3.2 Invocations


You had 6 spell levels left.
You didn't know any spells.

Dungeon Overview and Level Annotations

Branches:
Dungeon (6/16)             Temple (1/1) D:4

Altars:
Cheibriados
Nemelex Xobeh
Trog
Xom
Zin
The Shining One


Innate Abilities, Weirdness & Mutations

You have stony skin.
Your flesh is almost immune to the effects of heat.
Your fire spells are more powerful.
Your flesh is vulnerable to cold.
Your heat harms attackers.
You bathe your surroundings in blazing heat.
You are too hot to use scrolls.
You are very good at protecting items from fire.
You can tolerate rotten meat.


Message History

You closely miss the orc warrior.
The orc warrior hits you but does no damage.
You closely miss the orc warrior.
Your stony skin melts.
The orc warrior hits you with a battleaxe.
* * * LOW HITPOINT WARNING * * *
You hit the orc warrior.
The orc warrior is lightly wounded.
The orc warrior hits you with a battleaxe.
* * * LOW HITPOINT WARNING * * *
You hit the orc warrior.
The orc warrior is moderately wounded.
The orc warrior hits you with a battleaxe.
* * * LOW HITPOINT WARNING * * *
Drink which item? (? for menu, Esc to quit)
You suddenly lose the ability to move!
It was a potion of paralysis.
The orc wizard gestures wildly while chanting.
The orc wizard seems to speed up.
The orc warrior hits you with a battleaxe!
You die...

##########
##..%......
##########...######.
#oo@((.....#.# #.
#.########...# #. #.
##### #. #. #. #. #.
#o #. #. #. o.
########. .
#........


You could see an orc warrior and an orc wizard.

Vanquished Creatures
  An ogre (D:5)
  A centaur (D:5)
  A giant frog (D:6)
  The ghost of JEFFREY the Ruffian, an average VSMo (D:3)
  A water moccasin (D:6)
  2 crimson imps
  An orc priest (D:4)
  A jelly (D:5)
  A hound (D:6)
  2 orc wizards
  A scorpion (D:5)
  7 worker ants
  Terence (D:3)
  7 adders
  An orc zombie (D:5)
  A worm zombie (D:6)
  3 worms
  An adder skeleton (D:2)
  A giant eyeball (D:5)
  9 orcs
  A ball python (D:2)
  A bat zombie (D:2)
  2 giant cockroaches
  11 goblins
  8 hobgoblins
  12 jackals
  10 kobolds
  3 quokkas
  14 bats
  5 giant geckos
  A giant gecko zombie (D:5)
  3 giant newts (D:2)
  A goblin skeleton (D:2)
  A hobgoblin skeleton (D:2)
  An orc skeleton (D:5)
  9 rats
  A rat skeleton (D:2)
128 creatures vanquished.

Notes
Turn   | Place    | Note
--------------------------------------------------------------
     0 | D:1      | JEFFREY, the Lava Orc Fighter, began the quest for the Orb.
     0 | D:1      | Reached XP level 1. HP: 19/19 MP: 1/1
   196 | D:1      | Found a sparkling altar of Nemelex Xobeh.
   229 | D:1      | Reached XP level 2. HP: 12/26 MP: 2/2
   651 | D:2      | Reached skill level 4 in Axes
   732 | D:2      | Reached XP level 3. HP: 28/31 MP: 3/3
   879 | D:2      | Reached skill level 5 in Axes
   917 | D:2      | Found a shimmering altar of Xom.
  1157 | D:2      | Reached XP level 4. HP: 37/40 MP: 4/4
  1586 | D:3      | Noticed JEFFREY's ghost (average VSMo)
  1601 | D:3      | Killed JEFFREY's ghost
  1601 | D:3      | Reached XP level 5. HP: 29/46 MP: 5/5
  1667 | D:3      | Reached skill level 5 in Shields
  1879 | D:3      | Noticed Terence
  1903 | D:3      | Killed Terence
  2413 | D:3      | Reached XP level 6. HP: 47/52 MP: 6/6
  2582 | D:4      | Got a warped leather armour
  2592 | D:4      | Identified the cursed -2 leather armour "Zuerghe" {rElec Dam+2} (You found it on level 4 of the Dungeon)
  2686 | D:4      | Reached skill level 5 in Armour
  2757 | D:4      | Found a staircase to the Ecumenical Temple.
  2785 | Temple   | Entered the Ecumenical Temple
  2789 | Temple   | Became a worshipper of the Shining One
  2928 | D:5      | Entered Level 5 of the Dungeon
  2975 | D:5      | Reached skill level 6 in Armour
  3412 | D:5      | Reached skill level 1 in Invocations
  3412 | D:5      | Reached XP level 7. HP: 59/59 MP: 8/8
  4107 | D:5      | Paralysed by a giant eyeball for 3 turns
  4201 | D:6      | Paralysed by a giant eyeball for 3 turns
  4207 | D:6      | Paralysed by a giant eyeball for 2 turns
  4403 | D:6      | Reached skill level 5 in Fighting
  4403 | D:6      | Reached skill level 1 in Maces & Flails
  4680 | D:6      | HP: 3/61 [orc warrior/battleaxe (6)]
  4681 | D:6      | Paralysed by a potion of paralysis for 4 turns
  4681 | D:6      | Mangled by an orc warrior

Action                   |  1- 3 |  4- 6 |  7- 9 || total
-------------------------+-------+-------+-------++-------
Melee: Hand axe          |   175 |   287 |    73 ||   535
       Flail             |       |       |   109 ||   109
  Use: Scroll            |     1 |     5 |     1 ||     7
       Potion            |       |       |     1 ||     1
